 Dungeon Crawl Stone Soup version 0.29.0-11-gd7f09526c8 (webtiles) character file.

Game seed: 8145144738559750850

143 Powertoast the Chopper (level 5, 0/45 HPs)
             Began as a Minotaur Fighter on Sept 3, 2022.
             Slain by a water moccasin (7 damage)
             ... on level 3 of the Dungeon.
             The game lasted 00:05:36 (2473 turns).

Powertoast the Chopper (Minotaur Fighter)           Turns: 2473, Time: 00:05:38

Health: 0/45       AC:  7    Str: 22    XL:     5   Next: 4%
Magic:  4/4        EV:  9    Int:  5    God:
Gold:   60         SH:  4    Dex: 10    Spells: 4/4 levels left

rFire   . . .      SeeInvis .   a - +0 war axe
rCold   . . .      Faith    .   c - +0 buckler
rNeg    . . .      Spirit   .   b - +0 scale mail
rPois   .          Reflect  .   (helmet restricted)
rElec   .          Harm     .   (no cloak)
rCorr   .          Rampage  .   (no gloves)
Will    .....                   (no boots)
Stlth   ..........              (no amulet)
HPRegen 0.15/turn               i - ring of flight
MPRegen 0.09/turn               (no ring)

@: lethally poisoned (0 -> -12), flying
A: horns 2, retaliatory headbutt
a: no special abilities


You were on level 3 of the Dungeon.
You visited 1 branch of the dungeon, and saw 3 of its levels.

You collected 158 gold pieces.
You spent 98 gold pieces at shops.

Inventory:

Hand Weapons
 a - a +0 war axe (weapon)
Armour
 b - a +0 scale mail (worn)
 c - a +0 buckler (worn)
 q - a +0 plate armour
Jewellery
 i - a ring of flight (left hand)
Scrolls
 f - a scroll of identify {unknown}
 h - a scroll of vulnerability {unknown}
 j - a scroll of magic mapping {unknown}
 o - 3 scrolls of amnesia {unknown}
 r - a scroll of teleportation
Potions
 d - 4 potions of might
 e - a potion of attraction {unknown}
 g - 2 potions of mutation {unknown}
 k - a potion of invisibility {unknown}
 l - a potion of lignification {unknown}
 m - 2 potions of curing
 n - 2 potions of degeneration {unknown}
 p - a potion of ambrosia {unknown}


   Skills:
 - Level 3.6 Fighting
 + Level 6.2 Axes
 + Level 3.8 Armour
 - Level 3.6 Shields


You had 4 spell levels left.
You didn't know any spells.
Your spell library was empty.

Dungeon Overview and Level Annotations

Branches:
Dungeon (3/15)

Altars:

Shops:
D:2 !   D:3 (


Innate Abilities, Weirdness & Mutations

You have a pair of horns on your head.
You reflexively headbutt those who attack you in melee.


Message History

You block the water moccasin's attack.
You miss the water moccasin.
The water moccasin is moderately wounded.
The water moccasin closely misses you. The water moccasin bites you.
You closely miss the water moccasin.
Your headbutt misses the water moccasin.
The water moccasin is moderately wounded.
The water moccasin barely misses you. x2; You furiously retaliate!
You headbutt the water moccasin. You closely miss the water moccasin.
The water moccasin is moderately wounded.
The water moccasin bites you but does no damage.
You closely miss the water moccasin.
The water moccasin is moderately wounded.
The water moccasin completely misses you.
The water moccasin bites you.
You closely miss the water moccasin.
The water moccasin is moderately wounded.
The water moccasin bites you.
You are poisoned.
The water moccasin poisons you! The water moccasin barely misses you.
You hit the water moccasin.
The water moccasin is heavily wounded.
You feel very sick. The water moccasin bites you!
You are lethally poisoned!
The water moccasin poisons you! The water moccasin bites you.
You slash the water moccasin!
The water moccasin is severely wounded.
* * * LOW HITPOINT WARNING * * *
You feel very sick. You block the water moccasin's attack.
You miss the water moccasin.
The water moccasin is severely wounded.
* * * LOW HITPOINT WARNING * * *
You feel very sick.
The water moccasin completely misses you.
You furiously retaliate!
You headbutt the water moccasin. The water moccasin bites you!
You die...

#..##..#####
#.....##
#....##
#>...#
#.##.#
#.##.#
##.#..#
#..#.##
##@#.
+..S..#
##..### #..#
#... ##.#
#.. #####
### #....
#....


You could see a water moccasin.

Vanquished Creatures
  An iguana (D:3)
  A gnoll (D:1)
  4 adders
  2 worms (D:2)
  4 dart slugs
  3 ball pythons
  7 bats
  4 endoplasms
  3 giant cockroaches
  2 goblins
  4 hobgoblins
  7 jackals
  6 kobolds
  2 quokkas
  3 frilled lizards
  4 rats
57 creatures vanquished.

Notes
Turn   | Place    | Note
-------+----------+-------------------------------------------
     0 | D:1      | Powertoast the Minotaur Fighter began the quest for the
                  | Orb.
     0 | D:1      | Reached XP level 1. HP: 19/19 MP: 0/0
   144 | D:1      | Reached skill level 3 in Axes
   165 | D:1      | Reached XP level 2. HP: 23/26 MP: 1/1
   337 | D:1      | Found a faded altar of an unknown god.
   405 | D:1      | Reached skill level 4 in Axes
   622 | D:1      | Reached XP level 3. HP: 31/31 MP: 2/2
  1300 | D:2      | Found Yvam's Distillery.
  1307 | D:2      | Bought a potion of curing for 42 gold pieces
  1307 | D:2      | Bought a potion of might for 56 gold pieces
  1330 | D:2      | Reached skill level 5 in Axes
  1512 | D:2      | Reached XP level 4. HP: 39/39 MP: 3/3
  1946 | D:3      | Reached skill level 6 in Axes
  2034 | D:3      | Found Urenko Loe's Antique Weapon Emporium.
  2407 | D:3      | Reached XP level 5. HP: 43/45 MP: 4/4
  2460 | D:3      | Noticed a water moccasin
  2473 | D:3      | Slain by a water moccasin

Illustrated notes

Levels and vault maps discovered:
D:1:      moated_graveyard_arrival, layout_loops_corners,
          shapermc_ecumenical_altar_notcrosses
D:2:      layout_loops_cross, serial_shops, nicolae_shop_trees
D:3:      layout_basic, yredelemnul_forgotten_temple_becter, serial_shops,
          nicolae_diamond_shop

Skill      XL: |  1  2  3  4 |
---------------+-------------+-----
Axes           | 3 4 5 6 |  6.2
Fighting       | |  3.6
Armour         | |  3.8
Shields        | |  3.6

Action                   |  1- 3 |  4- 6 || total
-------------------------+-------+-------++-------
Melee: War axe           |    72 |    49 ||   121
       Headbutt          |     9 |     6 ||    15
  Use: Scroll            |       |     1 ||     1
Armor: Scale mail        |    31 |    24 ||    55
Dodge: Dodged            |    37 |    17 ||    54
Block: Buckler           |    13 |    10 ||    23
